 Dungeon Crawl Stone Soup version 0.23-a0-650-ga4d50d4d25 (webtiles) character file.

174 Adamkad1 the Insei (level 5, -19/42 HPs)
             Began as a Draconian Transmuter on Jan 5, 2019.
             Demolished by an ogre
             ... wielding a +0 giant club
              (21 damage)
             ... on level 3 of the Dungeon.
             The game lasted 00:05:26 (3170 turns).

Adamkad1 the Insei (Draconian Transmuter)           Turns: 3170, Time: 00:05:27

Health: -19/42     AC:  5    Str: 15 (17) XL:     5   Next: 28%
Magic:  9/9        EV: 12    Int: 11 (13) God:
Gold:   150        SH:  0    Dex: 12 (13) Spells: 3/9 levels left

rFire    . . .     SeeInvis .     - Unarmed
rCold    . . .     Gourm    .   (no shield)
rNeg     . . .     Faith    .   (armour unavailable)
rPois    .         Spirit   .   (helmet restricted)
rElec    .         Reflect  .   (no cloak)
rCorr    .         Harm     .   (no gloves)
MR       .....                  (no boots)
Stlth    +.........             (no amulet)
HPRegen  0.14/turn              (no ring)
MPRegen  0.11/turn              (no ring)

@: mighty, lethally poisoned (-19 -> -24), very slightly contaminated
A: unfitting armour, cold-blooded, AC +5
a: no special abilities


You were on level 3 of the Dungeon.
You were hungry.

You visited 1 branch of the dungeon, and saw 3 of its levels.

You collected 150 gold pieces.

Inventory:

Missiles
 a - 41 arrows
Armour
 m - a +0 buckler
Scrolls
 d - a scroll of immolation {unknown}
 i - 4 scrolls of identify {unknown}
 k - a scroll of enchant weapon {unknown}
 l - 3 scrolls of fear {unknown}
 q - a scroll of enchant armour {unknown}
 r - a scroll of teleportation {unknown}
Potions
 e - a potion of might
 h - a potion of agility {unknown}
 j - a potion of brilliance {unknown}
 n - a potion of haste {unknown}
 o - a potion of mutation {unknown}
 p - a potion of curing {unknown}
 s - a potion of heal wounds {unknown}
Comestibles
 b - 3 chunks of flesh
 c - 7 rations


   Skills:
 + Level 2.4 Fighting
 + Level 2.5 Dodging
 + Level 3.5 Unarmed Combat
 + Level 2.8 Spellcasting
 * Level 3.5 Transmutations


You had 3 spell levels left.
You knew the following spells:

 Your Spells              Type           Power        Failure   Level  Hunger
a - Beastly Appendage     Tmut           #.....       6%          1    #......
b - Sticks to Snakes      Tmut           #.......     10%         2    ###....
c - Spider Form           Tmut/Pois      #.........   36%         3    ###....

Your spell library contained the following spells:

 Spells                   Type           Power        Failure   Level  Hunger
 Ice Form                 Ice/Tmut       #.......     78%         4    #####..
 Blade Hands              Tmut           #.........   87%         5    ######.


Dungeon Overview and Level Annotations

Branches:
Dungeon (3/15)

Altars:


Innate Abilities, Weirdness & Mutations

Your plain brown scales are hard. (AC +5)
You cannot fit into any form of body armour.
You are cold-blooded and may be slowed by cold attacks.


Message History

You see here a poisoned needle.
* * * LOW HITPOINT WARNING * * *
You feel sick.
The kobold shoots a poisoned needle.
The poisoned needle barely misses you.
* * * LOW HITPOINT WARNING * * *
You feel sick.
It was a potion of might.
You feel very mighty all of a sudden.
* * * LOW HITPOINT WARNING * * *
You feel sick.
Unknown command.
It was a potion of magic.
Magic courses through your body.
* * * LOW HITPOINT WARNING * * *
You feel sick. The ogre closely misses you.
It was a potion of degeneration.
There was something very wrong with that liquid.
You feel weakened.
You feel dopey.
You feel clumsy.
The ogre hits you with a +0 giant club!!
Ouch! That really hurt!
You die...

#.....# ###########
..###.....#####.........########
.....K......................>..#
..###.................#.######.#
####............###.#.#.# #...#
.................##.#.#.# #.###
.................##.#.#.# #.#
.......#........K##.#.#.# #.#
.......#.....(.@O.(...#.####.#
.......#.#####.####.###......#
...#####..# #.#...(.#########
... ###.####.#.##..# ..
#......#.#.....#
#......#.#.#<..#
##......#.####..#
#.......#.......#
#.......######.##


You could see an ogre and a kobold.

Vanquished Creatures
  An ogre (D:2)
  A gnoll (D:1)
  3 worms
  A leopard gecko (D:1)
  A ball python (D:2)
  A giant cockroach (D:1)
  13 goblins
  13 hobgoblins
  6 jackals
  2 kobolds (D:1)
  3 quokkas
  11 bats
  4 frilled lizards
  4 rats
64 creatures vanquished.

Notes
Turn   | Place    | Note
-------+----------+-------------------------------------------
     0 | D:1      | Adamkad1 the Draconian Transmuter began the quest for the
                  | Orb.
     0 | D:1      | Reached XP level 1. HP: 16/16 MP: 3/3
     9 | D:1      | Reached XP level 2. HP: 23/23 MP: 3/5
   708 | D:1      | Reached XP level 3. HP: 29/29 MP: 4/6
  1144 | D:2      | Noticed an ogre
  1173 | D:1      | Learned a level 2 spell: Sticks to Snakes
  1177 | D:1      | Learned a level 3 spell: Spider Form
  1941 | D:2      | Reached XP level 4. HP: 36/36 MP: 5/7
  2443 | D:2      | Killed an ogre
  2443 | D:2      | Reached XP level 5. HP: 42/42 MP: 5/9
  3112 | D:3      | Noticed an ogre
  3167 | D:3      | HP: 2/42 [poisoned by a kobold]
  3170 | D:3      | Demolished by an ogre

Vault maps used:
D:1:      onia_arrival_pentagram
D:2:      cheibrodos_greedy_goblins
D:3:      first_ration

Skill      XL: |  1  2  3  4 |
---------------+-------------+-----
Dodging        | 2 |  2.5
Fighting       | 2 |  2.4
Transmutations | 3 |  3.5
Unarmed Combat | |  3.5
Spellcasting   | |  2.8

Action                   |  1- 3 |  4- 6 || total
-------------------------+-------+-------++-------
Melee: Unarmed           |   130 |    39 ||   169
       Kick              |    13 |     6 ||    19
       Headbutt          |     4 |     1 ||     5
       Tailslap          |    10 |     5 ||    15
       Punch             |     1 |       ||     1
 Cast: Beastly Appendage |    23 |     3 ||    26
       Spider Form       |       |     7 ||     7
  Use: Potion            |       |     3 ||     3
 Stab: Sleeping          |     1 |       ||     1
  Eat: Chunk             |     3 |     5 ||     8
Armor: Skin              |    45 |     3 ||    48
Dodge: Dodged            |    94 |    36 ||   130

Table legend:
 A = Non-vault XP
 B = Vault XP
 C = Vault XP percentage of total XP
 D = Non-vault monster count
 E = Vault monster count
 F = Vault count percentage of total count
                 A         B        C        D         E       F
            +---------+---------+-------+---------+---------+-------
      Total |     231 |      18 |   7.2 |      55 |       9 |  14.1
            +---------+---------+-------+---------+---------+-------
        D:1 |      51 |       0 |   0.0 |      23 |       0 |   0.0
        D:2 |     157 |      18 |  10.3 |      21 |       9 |  30.0
        D:3 |      23 |       0 |   0.0 |      11 |       0 |   0.0
            +---------+---------+-------+---------+---------+-------
